 Dungeon Crawl Stone Soup version 0.28.0 (webtiles) character file.

Game seed: 16126880392877047583

51 growler the Gusty (level 3, 0/19 HPs)
             Began as a Tengu Air Elementalist on Feb 4, 2022.
             Succumbed to an adder's poison
             ... on level 2 of the Dungeon.
             The game lasted 00:02:21 (1620 turns).

growler the Gusty (Tengu Air Elementalist)          Turns: 1620, Time: 00:02:21

Health: 0/19       AC:  2    Str:  8    XL:     3   Next: 83%
Magic:  0/7        EV: 12    Int: 17    God:
Gold:   23         SH:  0    Dex: 14    Spells: 1/7 levels left

rFire   . . .      SeeInvis .   (no weapon)
rCold   . . .      Faith    .   (no shield)
rNeg    . . .      Spirit   .   a - +0 robe
rPois   .          Reflect  .   (helmet restricted)
rElec   .          Harm     .   (no cloak)
rCorr   .          Rampage  .   (no gloves)
Will    .....                   (boots unavailable)
Stlth   ++........              (no amulet)
HPRegen 0.06/turn               (no ring)
MPRegen 0.10/turn               (no ring)

@: lethally poisoned (0 -> -2)
A: beak, talons 3
a: no special abilities


You were on level 2 of the Dungeon.
You visited 1 branch of the dungeon, and saw 2 of its levels.

You collected 23 gold pieces.

Inventory:

Armour
 a - a +0 robe (worn)
 f - a scarf of harm
   (You found it on level 2 of the Dungeon)
 g - the +1 scale mail of the Immovable Deaths {+Inv Str+3}
   (You found it on level 2 of the Dungeon)

   Str:       It affects your strength (+3).
   +Inv:      It lets you turn invisible.
Jewellery
 i - a ring of protection from fire
   (You found it on level 1 of the Dungeon)
Scrolls
 b - a scroll of magic mapping {unknown}
 c - a scroll of blinking {unknown}
Potions
 d - a potion of cancellation {unknown}
 e - a potion of lignification {unknown}


   Skills:
 - Level 2.1 Dodging
 - Level 2.0 Stealth
 + Level 2.6 Spellcasting
 + Level 3.0 Conjurations
 + Level 4.8 Air Magic


You had one spell level left.
You knew the following spells:

 Your Spells              Type           Power      Damage    Failure   Level
a - Shock                 Conj/Air       60%        1d6       3%          1
d - Static Discharge      Conj/Air       15%        N/A       5%          2
s - Swiftness             Air            18%        N/A       8%          3

Your spell library contained the following spells:

 Spells                   Type           Power      Damage    Failure   Level
 Airstrike                Air            9%         N/A       24%         4
 Summon Forest            Summ/Tloc      1%         N/A       99%         5
 Summon Mana Viper        Hex/Summ       2%         N/A       99%         5
 Summon Cactus Giant      Summ           1%         N/A       100%        6


Dungeon Overview and Level Annotations

Branches:
Dungeon (2/15)

Altars:


Innate Abilities, Weirdness & Mutations

You have a beak for a mouth.
You have claws for feet.


Message History

Found a jacinth-studded scale mail.
g - the +1 scale mail of the Immovable Deaths {+Inv Str+3} An adder comes into view.
The adder hisses angrily.
The adder is struck by an arc of lightning!
The lightning grounds out.
The adder barely misses you. The adder bites you.
You are poisoned.
The adder poisons you!
The adder is struck by an arc of lightning.
You kill the adder!
You are struck by an arc of lightning.
The lightning grounds out.
You feel sick.
Your Conjurations skill increases to level 3!
You feel sick.
You feel sick.
You feel sick.
You are no longer poisoned.
Found a bubbling cyan potion.
Found a scroll labelled ZOACOE TIFRACS and 5 poisoned darts.
Found a scroll labelled UQIENLA BUTOI.
An adder comes into view.
Aim: an adder (asleep, 100% to hit)
The zap hits the adder.
Aim: an adder (lightly wounded, 53% to hit)
The zap hits the adder.
The adder bites you.
Aim: an adder (lightly wounded, 53% to hit)
The zap hits the adder.
The adder completely misses you.
The adder is struck by an arc of lightning.
You are struck by an arc of lightning.
The lightning grounds out.
The adder closely misses you.
The adder is struck by an arc of lightning.
You are struck by an arc of lightning.
The lightning grounds out.
The adder bites you. The adder closely misses you.
The adder bites you but does no damage. The adder bites you but does no damage.
The adder closely misses you.
You hit the adder but do no damage. Your kick misses the adder.
The adder bites you but does no damage.
You closely miss the adder. The adder bites you.
* * * LOW HITPOINT WARNING * * *
You are poisoned.
The adder poisons you! The adder misses you.
You feel sick.
You feel sick.
The adder is struck by an arc of lightning.
You kill the adder!
You are struck by an arc of lightning.
* * * LOW HITPOINT WARNING * * *
The lightning grounds out.
You die...

### #..#
#..#
#..#########
#..........#
##....####
####.# #.#
#.# ######@#
#......#
#.###### #.#
#.# #.# #.#
#.# #.#


There were no monsters in sight!

Vanquished Creatures
  Jessica (D:2)
  2 adders (D:2)
  A worm (D:2)
  An endoplasm (D:2)
  A goblin (D:2)
  2 hobgoblins (D:1)
  2 ball pythons
  A bat (D:2)
  A frilled lizard (D:2)
  3 kobolds
  3 rats
18 creatures vanquished.

Notes
Turn   | Place    | Note
-------+----------+-------------------------------------------
     0 | D:1      | growler the Tengu Air Elementalist began the quest for the
                  | Orb.
     0 | D:1      | Reached XP level 1. HP: 10/10 MP: 4/4
   421 | D:1      | Found a faded altar of an unknown god.
  1088 | D:2      | Reached XP level 2. HP: 15/15 MP: 4/6
  1355 | D:2      | Noticed Jessica
  1361 | D:2      | Killed Jessica
  1362 | D:2      | Reached XP level 3. HP: 19/19 MP: 3/7
  1365 | D:2      | Learned a level 2 spell: Static Discharge
  1369 | D:2      | Learned a level 3 spell: Swiftness
  1407 | D:2      | Identified the +1 scale mail of the Immovable Deaths {+Inv
                  | Str+3}
  1620 | D:2      | Succumbed to an adder's poison

Illustrated notes

Levels and vault maps discovered:
D:1:      shiori_arrival_elements, layout_basic, ebering_ecumenical_altar_rust,
          serial_forest, infiniplex_forest_clump_C,
          infiniplex_forest_straight_2, infiniplex_forest_clump_double,
          infiniplex_forest_lined_ring, infiniplex_forest_zigzag_1,
          infiniplex_forest_lined_1
D:2:      layout_loops_ring, basic_altar, minmay_tetromino_o2, uniq_jessica,
          uniq_natasha

Skill      XL: |  1  2  3 |
---------------+----------+-----
Conjurations   | 2 3 |  3.0
Dodging        | |  2.1
Stealth        | |  2.0
Spellcasting   | |  2.6
Air Magic      | |  4.8

Action                   || total
-------------------------++-------
Melee: Unarmed           ||     5
       Peck              ||     1
 Cast: Shock             ||    34
       Static Discharge  ||     5
Armor: Robe              ||     3
Dodge: Dodged            ||     8
